[Event "Evening Daily Blitz Arena"]
[Site "https://chessrook.com/A1K14xyhjN"]
[Date "2025.04.14"]
[White "g_eriksson"]
[Black "konferentsiia_sport"]
[Result "1-0"]
[WhiteElo "2731"]
[BlackElo "2666"]
[PlyCount "179"]
[Variant "Standard"]
[TimeControl "300+0"]
[ECO "A45"]
[Opening "Indian Game"]
[Termination "Time forfeit"]
[Annotator "chessrook.com"]

1. d4 Nf6 { A45 Indian Game } 2. c3 Nc6 3. Nf3 e6 4. Nbd2 d6 5. e3 Be7 6. e4 a6 7. Bd3 b6 8. b3 O-O 9. O-O Bb7 10. Qc2 h6 11. b4 Re8 12. Bb2 Nd7 13. Rfe1 d5 14. Rad1 dxe4 15. Rxe4 Bd6 16. h3 Ne7 17. Re2 Nf6 18. g3 c5 19. dxc5 bxc5 20. bxc5 Bxc5 21. c4 Qc7 22. Be5 Qc8 23. Bxf6 gxf6 24. Be4 f5 25. Bxb7 Qxb7 26. Qc3 Qc7 27. Kh1 Qa7 28. Kg2 Rad8 29. Rde1 Ng6 30. Nb3 h5 31. a4 Bf8 32. Qe3 Qxe3 33. Rxe3 Rc8 34. c5 Red8 35. Rb1 Bxc5 36. Nxc5 Rxc5 37. Rb6 Ra5 38. Ra3 Rd1 39. Rb2 Rc5 40. Rb8+ Kh7 41. Ng5+ Kg7 42. h4 Rcc1 43. Rb7 Ne5 44. Nh3 Rh1 45. Rc3 Ra1 46. f3 Rhd1 47. Rb2 Rxa4 48. Nf4 Kh6 49. Re2 Rc4 50. Rb3 Nc6 51. Rb7 e5 52. Rxf7 Rd6 53. Nh3 Nd4 54. Rf2 Rc2 55. Ng5 Kg6 56. Rxc2 Nxc2 57. Rb7 Ne3+ 58. Kf2 Nc4 59. Rc7 Nd2 60. Re7 Nc4 61. Rc7 Nb2 62. Rc8 Nd1+ 63. Ke1 Kg7 64. Rh8 Nc3 65. Rxh5 Kg6 66. Rh8 Rd1+ 67. Kf2 Rd2+ 68. Ke3 Rd5 69. Ra8 a5 70. Ne6 Nd1+ 71. Ke2 Nc3+ 72. Ke1 a4 73. Ra6 Rd1+ 74. Kf2 Ra1 75. Nd4+ Kh7 76. Ra7+ Kg6 77. Ra6+ Kf7 78. Nc6 Ke6 79. Nb4+ Ke7 80. Nc2 Rb1 81. Ra7+ Kd6 82. Ne3 Kc6 83. g4 fxg4 84. Ra8 Rb2+ 85. Kf1 Kb7 86. Ra5 g3 87. Nc4 Rf2+ 88. Ke1 Rxf3 89. Rxe5 g2 90. Re7+ { Black forfeits on time } 1-0